 Dungeon Crawl Stone Soup version 0.29.1-15-g9cfb28693d (webtiles) character file.

Game seed: 17008323280432267858

39 jtron the Poker (level 3, 0/25 HPs)
             Began as a Gnoll Wanderer on Mar 28, 2023.
             Succumbed to an adder's poison
             ... on level 2 of the Dungeon.
             The game lasted 00:01:50 (1050 turns).

jtron the Poker (Gnoll Wanderer)                    Turns: 1050, Time: 00:01:51

Health: 0/25       AC:  3    Str: 10 (11) XL:     3   Next: 45%
Magic:  14/16      EV: 12    Int:  9 (11) God:
Gold:   85         SH:  0    Dex: 10 (13) Spells: 6/7 levels left

rFire   + . .      SeeInvis .   a - +0 spear
rCold   + . .      Faith    .   (no shield)
rNeg    . . .      Spirit   .   e - +0 leather armour
rPois   +          Reflect  .   (no helmet)
rElec   +          Harm     .   (no cloak)
rCorr   +          Rampage  .   (no gloves)
Will    .....                   (no boots)
Stlth   +.........              (no amulet)
HPRegen 0.08/turn               f - ring of magical power
MPRegen 0.15/turn               (no ring)

@: lethally poisoned (0 -> -2), resistant
A: fangs 1, strong nose, distributed training
a: no special abilities


You were on level 2 of the Dungeon.
You visited 1 branch of the dungeon, and saw 2 of its levels.

You collected 85 gold pieces.

Inventory:

Hand Weapons
 a - a +0 spear (weapon)
 c - a +0 dagger
Missiles
 b - 11 poisoned darts (quivered)
 n - 6 stones
Armour
 e - a +0 leather armour (worn)
Jewellery
 f - a ring of magical power (left hand)
Scrolls
 d - a scroll of fog
 g - a scroll of identify {unknown}
 h - a scroll of teleportation {unknown}
 i - a scroll of blinking {unknown}
 j - a scroll of torment {unknown}
 m - a scroll of fear {unknown}
Potions
 k - a potion of degeneration


   Skills:
 + Level 0.9 Fighting
 + Level 0.9 Short Blades
 + Level 0.9 Long Blades
 + Level 0.9 Axes
 + Level 0.9 Maces & Flails
 + Level 6.5 Polearms
 + Level 0.9 Staves
 + Level 0.9 Ranged Weapons
 + Level 2.6 Throwing
 + Level 0.9 Armour
 + Level 4.5 Dodging
 + Level 0.9 Stealth
 + Level 0.9 Shields
 + Level 0.9 Unarmed Combat
 + Level 2.8 Spellcasting
 + Level 0.6 Conjurations
 + Level 0.6 Hexes
 + Level 0.6 Summonings
 + Level 5.4 Necromancy
 + Level 0.6 Translocations
 + Level 0.6 Transmutations
 + Level 0.6 Fire Magic
 + Level 0.6 Ice Magic
 + Level 0.6 Air Magic
 + Level 0.6 Earth Magic
 + Level 0.6 Poison Magic
 + Level 1.0 Invocations
 + Level 0.9 Evocations


You had 6 spell levels left.
You knew the following spells:

 Your Spells              Type           Power      Damage    Failure   Level
a - Necrotise             Necr           44%        1d6       4%          1

Your spell library contained the following spells:

 Spells                   Type           Power      Damage    Failure   Level
 Sublimation of Blood     Necr           11%        N/A       7%          2
 Dispel Undead            Necr           11%        3d9       41%         4
 Anguish                  Hex/Necr       3%         N/A       75%         4
 Death Channel            Necr           5%         N/A       100%        6


Dungeon Overview and Level Annotations

Branches:
Dungeon (2/15)

Altars:


Innate Abilities, Weirdness & Mutations

You have very sharp teeth.
Your uncanny sense of smell can sniff out nearby items.
Your experience applies equally to all skills.


Message History

You are too injured to fight recklessly!
You are too injured to fight recklessly!
You are too injured to fight recklessly!
You are too injured to fight recklessly!
You are too injured to fight recklessly!
Casting: Necrotise (safe; 3% risk of failure)
Confirm with . or Enter, or press ? or * to list all spells.
Aiming: Necrotise (safe; 3% risk of failure)
Press: ? - help, Shift-Dir - straight line, f/p - adder
Aim: an adder (severely wounded, chance to affect: 76%)
The adder writhes in agony.
* * * LOW HITPOINT WARNING * * *
You feel very sick. The adder barely misses you.
Casting: Necrotise (safe; 3% risk of failure)
Confirm with . or Enter, or press ? or * to list all spells.
Aiming: Necrotise (safe; 3% risk of failure)
Press: ? - help, Shift-Dir - straight line, f/p - adder
Aim: an adder (almost dead, chance to affect: 76%)
The adder writhes in agony.
You kill the adder!
The dead are slithering!
* * * LOW HITPOINT WARNING * * *
You feel sick.
Your life force feels restored.
Your Invocations skill increases to level 1!
There is a lethal amount of poison in your body!
There is a lethal amount of poison in your body!
It was a potion of degeneration.
There was something very wrong with that liquid.
You feel weakened.
You feel dopey.
You feel clumsy.
* * * LOW HITPOINT WARNING * * *
You feel sick.
It was a potion of resistance.
You feel protected.
* * * LOW HITPOINT WARNING * * *
You feel sick.
* * * LOW HITPOINT WARNING * * *
You feel sick.
You die...

#.........#
#.........#
#.........#
#.........#
#.####'#### #.# #.#
#.# #.### #.#
#...######
#.######@.....#
########........Z..>.#
#...#...####.##......+
#.#.#.#.####.#########
#.#.#...........
#.#.###.#####.#.#
#.#........##.#.#
#.#...#.#.......# #
#.......#..##...#
######


You could see a friendly adder skeleton.

Vanquished Creatures
  An adder (D:2)
  8 bats
  An endoplasm (D:2)
  3 giant cockroaches
  3 goblins (D:1)
  2 hobgoblins (D:1)
  2 ball pythons (D:1)
  3 frilled lizards
  2 kobolds (D:1)
  3 rats
28 creatures vanquished.

Notes
Turn   | Place    | Note
-------+----------+-------------------------------------------
     0 | D:1      | jtron the Gnoll Wanderer began the quest for the Orb.
     0 | D:1      | jtron set off with the following items: a +0 spear, 11
                  | poisoned darts, a +0 dagger, a scroll of fog, a +0 leather
                  | armour; and the following spell memorised: Necrotise; and
                  | the following spells available to memorise: Sublimation of
                  | Blood, Dispel Undead.
     0 | D:1      | Reached XP level 1. HP: 13/13 MP: 4/4
    56 | D:1      | Got Fuc Enet's Almanac of Dark Mysteries
    59 | D:1      | Found a faded altar of an unknown god.
   225 | D:1      | Reached XP level 2. HP: 14/17 MP: 5/5
   661 | D:1      | Reached XP level 3. HP: 24/24 MP: 7/7
  1047 | D:2      | Reached skill level 1 in Invocations
  1049 | D:2      | HP: 1/25 [poisoned by an adder]
  1050 | D:2      | Succumbed to an adder's poison

Illustrated notes

Levels and vault maps discovered:
D:1:      dpeg_arrival_connections, layout_rooms,
          hellmonk_ecumenical_altar_inner_sanctum
D:2:      layout_basic, basic_altar, amcnicky_mini_pool_small,
          lexackson_kobold_supper

Skill      XL: |  1  2  3 |
---------------+----------+-----
Invocations    | 1 |  1.0
Fighting       | |  0.9
Short Blades   | |  0.9
Long Blades    | |  0.9
Axes           | |  0.9
Maces & Flails | |  0.9
Polearms       | |  6.5
Staves         | |  0.9
Ranged Weapons | |  0.9
Throwing       | |  2.6
Armour         | |  0.9
Dodging        | |  4.5
Stealth        | |  0.9
Shields        | |  0.9
Unarmed Combat | |  0.9
Spellcasting   | |  2.8
Conjurations   | |  0.6
Hexes          | |  0.6
Summonings     | |  0.6
Necromancy     | |  5.4
Translocations | |  0.6
Transmutations | |  0.6
Fire Magic     | |  0.6
Ice Magic      | |  0.6
Air Magic      | |  0.6
Earth Magic    | |  0.6
Poison Magic   | |  0.6
Evocations     | |  0.9

Action                   || total
-------------------------++-------
Melee: Spear             ||   109
       Bite              ||     7
 Cast: Necrotise         ||     6
  Use: Potion            ||     2
 Stab: Sleeping          ||     1
Armor: Leather armour    ||    22
Dodge: Dodged            ||    54
